 Dungeon Crawl Stone Soup version 0.19-a0-1238-gee6bd96 (webtiles) character file.

182 George the Skirmisher (level 5, 0/42 HPs)
             Began as a Demonspawn Berserker on Aug 26, 2016.
             Was a Believer of Trog.
             Slain by a scorpion (3 damage)
             ... on level 4 of the Dungeon.
             The game lasted 00:03:35 (2126 turns).

George the Skirmisher (Demonspawn Berserker)        Turns: 2126, Time: 00:03:36

Health: 0/42       AC:  9    Str: 19    XL:     5   Next: 35%
Magic:  0/5        EV:  8    Int:  8    God:    Trog [**....]
Gold:   193        SH:  0    Dex: 12    Spells: 0 memorised, 4 levels left

rFire  + . .     SeeInvis .     a - +0 hand axe
rCold  . . .     Gourm    .     p - +0 chain mail
rNeg   . . .     Faith    .     (no shield)
rPois  .         Spirit   +     (no helmet)
rElec  .         Dismiss  .     (no cloak)
rCorr  .         Reflect  .     (no gloves)
MR     ++...     Harm     .     (no boots)
Stlth  .......... Rnd*Tele +    (no amulet)
                                b - ring of teleportation (curse)
                                v - ring of protection from fire

@: lethally poisoned (0 -> 0), regenerating
A: talons 1, nightstalker 1, magic shield, magic regeneration
a: Berserk, Trog's Hand, Burn Spellbooks, Renounce Religion


You were on level 4 of the Dungeon.
You worshipped Trog.
Trog was pleased with you.
You were not hungry.

You visited 1 branch of the dungeon, and saw 4 of its levels.

You collected 193 gold pieces.

Inventory:

Hand Weapons
 a - a +0 hand axe (weapon)
Armour
 p - a +0 chain mail (worn)
Jewellery
 b - a cursed ring of teleportation (right hand)
 v - a ring of protection from fire (left hand)
Scrolls
 d - 6 scrolls of identify {unknown}
 e - a scroll of fear {unknown}
 h - a scroll of random uselessness {unknown}
 j - 3 scrolls of remove curse {unknown}
 k - a scroll of magic mapping {unknown}
 l - 3 scrolls of noise {unknown}
 s - a scroll of enchant armour {unknown}
 t - a scroll of teleportation {unknown}
 u - a scroll of enchant weapon {unknown}
Potions
 f - 2 potions of heal wounds {unknown}
 i - a potion of brilliance {unknown}
 m - a potion of lignification {unknown}
 o - 2 potions of might {unknown}
 q - a potion of curing {unknown}
Comestibles
 c - 4 bread rations
 g - 7 fruits
 n - a beef jerky
 r - a chunk of flesh


   Skills:
 + Level 3.9 Fighting
 + Level 3.4 Axes
 + Level 3.0 Armour
 + Level 3.1 Dodging


You had 4 spell levels left.
You didn't know any spells.

Dungeon Overview and Level Annotations

Branches:
Dungeon (4/15)
 Temple: D:4-7

Altars:
Gozag
Nemelex Xobeh
Okawaru


Innate Abilities, Weirdness & Mutations

You have sharp toenails.
You are slightly more attuned to the shadows.
When hurt, damage is shared between your health and your magic reserves.
You regenerate magic rapidly.


Message History

You closely miss the scorpion. Your kick misses the scorpion.
The scorpion is moderately wounded.
Your chain mail prevents you from hitting the phantom.
You feel sick.
The phantom hits you but does no damage.
The scorpion stings you.
You barely miss the scorpion.
The scorpion is moderately wounded.
You miss the phantom.
You feel sick. The phantom barely misses you. The scorpion stings you.
You hit the scorpion.
The scorpion is heavily wounded.
You barely miss the phantom.
You feel sick. The phantom hits you!
* * * LOW HITPOINT WARNING * * *
The phantom blinks!
The scorpion stings you!
* * * LOW HITPOINT WARNING * * *
You hit the scorpion but do no damage.
The scorpion is heavily wounded.
You feel sick.
The phantom blinks!
The scorpion stings you.
You die...

#.# #.# #.#
#.# #.# #.#
#.#
#>##########
#....@sW.ยง..
############


You could see a phantom and a scorpion.

Vanquished Creatures
  A hound (D:4)
  An iguana (D:4)
  A gnoll (D:4)
  3 adders
  3 dart slugs
  3 giant geckos
  An orc (D:3)
  4 ball pythons
  4 giant cockroaches
  8 goblins
  6 hobgoblins
  19 jackals
  7 bats
  A giant gecko skeleton (D:4)
  5 kobolds
  5 rats
72 creatures vanquished.

Notes
Turn   | Place    | Note
-------+----------+-------------------------------------------
     0 | D:1      | George the Demonspawn Berserker began the quest for the Orb.
     0 | D:1      | Reached XP level 1. HP: 18/18 MP: 1/1
   471 | D:1      | Gained mutation: When hurt, damage is shared between your health and your magic reserves. [demonic ancestry]
   471 | D:1      | Reached XP level 2. HP: 24/24 MP: 2/2
   856 | D:2      | Found a sparkling altar of Nemelex Xobeh.
   856 | D:2      | Found an iron altar of Okawaru.
   902 | D:2      | Reached ** piety under Trog
   902 | D:2      | Gained mutation: You regenerate magic rapidly. [demonic ancestry]
   902 | D:2      | Reached XP level 3. HP: 24/29 MP: 3/3
  1413 | D:3      | Found a faded altar of an unknown god.
  1436 | D:3      | Found an opulent altar of Gozag.
  1520 | D:3      | Gained mutation: You have sharp toenails. [demonic ancestry]
  1520 | D:3      | Reached XP level 4. HP: 28/35 MP: 4/4
  1875 | D:4      | Gained mutation: You are slightly more attuned to the shadows. [demonic ancestry]
  1875 | D:4      | Reached XP level 5. HP: 29/42 MP: 3/5
  1912 | D:4      | Reached *** piety under Trog
  2107 | D:4      | Noticed a phantom
  2126 | D:4      | Slain by a scorpion

Vault maps used:
D:1:      mrwooster_arrival_arrow
D:2:      grunt_temple_overflow_open, first_bread
D:3:      lemuel_crystal_altar, ecumenical_altar_2
D:4:      lemuel_castle_with_subvaults, led_sif_book, uniq_menkaure

Skill      XL: |  1  2  3  4  5 |
---------------+----------------+-----
Dodging        | 2 3 |  3.1
Armour         | 2 3 |  3.0
Axes           | 3 |  3.4
Fighting       | |  3.9

Action                   |  1- 3 |  4- 6 || total
-------------------------+-------+-------++-------
Melee: Hand axe          |   143 |   116 ||   259
       Kick              |       |    23 ||    23
Invok: Trog's Hand       |       |     2 ||     2
       Berserk           |       |     1 ||     1
  Eat: Chunk             |     2 |     4 ||     6
Armor: Animal skin       |     6 |       ||     6
       Chain mail        |    89 |    99 ||   188
Dodge: Dodged            |    83 |    66 ||   149
